 Dungeon Crawl Stone Soup version 0.22-a0-455-ga0624bf (webtiles) character file.

4587 Gorice the Spear-Bearer (level 10, -1/73 HPs)
             Began as a Demonspawn Wanderer on June 4, 2018.
             Was a Priest of Okawaru.
             Slain by an ogre
             ... wielding a +0 giant club
              (18 damage)
             ... on level 9 of the Dungeon on June 5, 2018.
             The game lasted 00:31:39 (8663 turns).

Gorice the Spear-Bearer (Demonspawn Wanderer)       Turns: 8663, Time: 00:31:39

Health: -1/73      AC: 14    Str: 15    XL:     10   Next: 18%
Magic:  0/10       EV:  9    Int: 14    God:    Okawaru [***...]
Gold:   598        SH:  0    Dex: 13    Spells: 9/9 levels left

rFire    + + +     SeeInvis +   a - +3 halberd (freeze)
rCold    . . .     Gourm    .   (shield currently unavailable)
rNeg     . . .     Faith    .   w - +0 fire dragon scales
rPois    .         Spirit   +   (no helmet)
rElec    .         Reflect  .   M - scarf {rC+ rF+}
rCorr    .         Harm     +   t - +1 pair of gloves
MR       +....                  E - +0 pair of boots
Stlth    +.........             o - amulet of harm
HPRegen  0.22/turn              T - ring of protection from magic (curse)
MPRegen  0.24/turn              i - ring of see invisible

@: no status effects
A: talons 2, nightstalker 1, magic shield, magic regeneration, magic link
a: Heroism, Renounce Religion


You were on level 9 of the Dungeon.
You worshipped Okawaru.
Okawaru was most pleased with you.
You were not hungry.

You visited 2 branches of the dungeon, and saw 10 of its levels.
You also visited: Sewer and Ossuary.

You collected 598 gold pieces.

Inventory:

Hand Weapons
 a - a +3 halberd of freezing (weapon)
   (You took it off a gnoll on level 4 of the Dungeon)
 b - a +0 hunting sling
 c - a +0 spear
 z - a +2 dagger
 J - a +0 trident
Missiles
 j - 10 tomahawks (quivered)
 l - 67 bolts
 q - 57 sling bullets
 K - 3 javelins
 P - 8 curare-tipped needles
 Y - 273 stones
 Z - a throwing net
Armour
 k - a +0 chain mail
 s - a +0 cloak
 t - a +1 pair of gloves (worn)
 w - +0 fire dragon scales (worn)
 E - a +0 pair of boots (worn)
 M - a scarf of resistance (worn)
   (You found it on level 7 of the Dungeon)
Magical Staves
 y - an uncursed staff of death
 L - an uncursed staff of energy
Jewellery
 i - a ring of see invisible (right hand)
 m - an uncursed ring of stealth
 o - an amulet of harm (around neck)
 T - a cursed ring of protection from magic (left hand)
Wands
 h - a wand of clouds (4)
 x - a wand of paralysis (7)
 F - a wand of acid (9)
 R - a wand of polymorph (17)
Scrolls
 e - 2 scrolls of blinking
 g - 4 scrolls of teleportation {!r}
 n - 2 scrolls of amnesia
 p - 6 scrolls of remove curse
 A - a scroll of magic mapping {!r}
 I - 2 scrolls of enchant weapon
 O - a scroll of identify
Potions
 d - 7 potions of curing
 r - 5 potions of flight
 u - a potion of brilliance {!q}
 v - a potion of agility {!q}
 B - a potion of berserk rage
 C - 3 potions of mutation {!q}
 D - 3 potions of lignification {!q}
 G - 4 potions of haste {!q}
 H - a potion of ambrosia
 N - 2 potions of heal wounds {!q}
 Q - a potion of might {!q}
Comestibles
 f - 13 rations
 S - 7 chunks of flesh


   Skills:
 - Level 4.3 Fighting
   Level 1.9 Long Blades
   Level 1.0(6.5) Axes
 * Level 10.2 Polearms
 + Level 8.5 Armour
 - Level 1.0 Dodging
 - Level 1.8 Stealth
 - Level 1.0 Evocations


You had 9 spell levels left.
You didn't know any spells.
Your spell library contained the following spells:

 Spells                   Type           Power        Failure   Level  Hunger
 Confuse                  Hex            #.......     98%         3    ####...
 Summon Small Mammal      Summ           #...         75%         1    ##.....
 Spider Form              Tmut/Pois      #.........   98%         3    ####...
 Blade Hands              Tmut           #.........   100%        5    ######.
 Ice Form                 Ice/Tmut       #.......     100%        4    #####..
 Confusing Touch          Hex            #.....       75%         1    ##.....
 Sticks to Snakes         Tmut           #.......     87%         2    ###....
 Call Canine Familiar     Summ           #.......     98%         3    ####...
 Metabolic Englaciation   Hex/Ice        #.........   100%        5    ######.
 Petrify                  Tmut/Erth      #.......     100%        4    #####..
 Beastly Appendage        Tmut           #.....       75%         1    ##.....
 Summon Lightning Spire   Summ/Air       #.......     100%        4    #####..
 Spellforged Servitor     Conj/Summ      #.........   100%        7    #######
 Gell's Gravitas          Tloc           #.........   98%         3    ####...
 Yara's Violent Unravell  Hex/Tmut       #.........   100%        5    ######.


Dungeon Overview and Level Annotations

Branches:
Dungeon (9/15)             Temple (1/1) D:7            Lair (0/6) D:9
    Orc: D:9-12

Altars:
Ashenzari
Cheibriados
Dithmenos
Elyvilon
Fedhas
Gozag
Hepliaklqana
Makhleb
Nemelex Xobeh
Okawaru
Ru
Trog
Uskayaw
Vehumet
Wu Jian
Xom
Yredelemnul
The Shining One


Innate Abilities, Weirdness & Mutations

You have razor-sharp toenails.
You are slightly more attuned to the shadows.
When hurt, damage is shared between your health and your magic reserves.
You regenerate magic rapidly.
When low on magic, you restore magic in place of health.


Message History

The ogre is moderately wounded.
You barely miss the ogre.
The ogre is moderately wounded.
The ogre misses you.
You puncture the ogre! You freeze the ogre.
The ogre is almost dead.
You slash the ogre! You freeze the ogre.
You kill the ogre!
Okawaru accepts your kill.
You barely miss the ogre.
The ogre hits you with a giant spiked club!
Damage: 13 (max 13)
You completely miss the ogre.
You feel like a meek peon again.
You slash the ogre! You freeze the ogre.
The ogre is severely wounded.
The ogre closely misses you.
You hit the ogre. You freeze the ogre.
The ogre is almost dead.
The ogre hits you with a giant spiked club!
* * * LOW HITPOINT WARNING * * *
Damage: 16 (max 16)
You are too injured to fight recklessly!
You are too injured to fight recklessly!
You are too injured to fight recklessly!
You are too injured to fight recklessly!
You are too injured to fight recklessly!
You puncture the ogre! You freeze the ogre.
You kill the ogre!
Okawaru accepts your kill.
You barely miss the ogre. The ogre barely misses you.
You slash the ogre! You freeze the ogre.
The ogre is heavily wounded.
The ogre hits you with a giant spiked club.
* * * LOW HITPOINT WARNING * * *
Damage: 2 (max 16)
You puncture the ogre! You freeze the ogre.
You kill the ogre!
Okawaru accepts your kill.
Your fire dragon scales prevents you from hitting the ogre.
The ogre hits you with a giant club!
* * * LOW HITPOINT WARNING * * *
Damage: 14 (max 16)
You hit the ogre. You freeze the ogre.
The ogre is lightly wounded.
The ogre hits you but does no damage.
You hit the ogre. You freeze the ogre.
The ogre is lightly wounded.
The ogre hits you with a giant club!!
You die...

...... ###### ##....≈≈..
##......... #≈........#
###≈........# #..........#
......O...# ########### #O#
..........###.##@##########
...........................
######..............#######
#..............#
#..............#
#..............#
#..............#
#..............#
######..............####


You could see 2 ogres.

Vanquished Creatures
  A two-headed ogre (D:8)
  Joseph (D:8)
  A hippogriff (D:9)
  A water moccasin (D:7)
  A hornet zombie (D:7)
  A black bear (D:4)
  3 ice beasts
  An orc warrior (D:7)
  A phantom (D:7)
  A necrophage (D:8)
  2 centaurs
  4 ogres (D:9)
  The ghost of xccam the Ruffian, an amateur DrTm (D:3)
  A big kobold (Sewer)
  5 bullfrogs
  3 scorpions
  2 howler monkeys
  5 wights (D:8)
  3 crimson imps
  3 centaur zombies
  3 jellies
  2 hounds
  An orc priest (D:7)
  Crazy Yiuf (D:2)
  A human zombie (Ossuary)
  7 orc wizards
  2 bullfrog skeletons
  Ijyb (D:5)
  An iguana (D:4)
  2 worker ants
  A big kobold zombie (Ossuary)
  5 mummies (Ossuary)
  6 adders
  11 gnolls
  2 shadow imps
  2 oozes (D:3)
  An adder zombie (D:6)
  5 worms (D:4)
  3 dart slugs
  3 leopard geckos
  21 orcs
  3 ball pythons
  6 giant cockroaches
  11 hobgoblins
  4 jackals
  5 quokkas
  10 bats
  8 frilled lizards
  3 goblins
  A goblin zombie (Ossuary)
  A hobgoblin zombie (Ossuary)
  8 kobolds
  A kobold zombie (Ossuary)
  2 orc zombies (Ossuary)
  A quokka skeleton (D:6)
  12 rats
198 creatures vanquished.

Notes
Turn   | Place    | Note
-------+----------+-------------------------------------------
     0 | D:1      | Gorice the Demonspawn Wanderer began the quest for the Orb.
     0 | D:1      | Gorice set off with: a +2 dagger, a potion of heal wounds {!q}, a +0 spear, a potion of curing, a +0 robe, a ration
     0 | D:1      | Reached XP level 1. HP: 13/13 MP: 1/1
    70 | D:1      | HP: 3/13 [kobold/whip (3)]
   161 | D:1      | HP: 4/14 [hobgoblin/club (3)]
   166 | D:1      | Reached skill level 2 in Armour
   171 | D:1      | HP: 4/14 [giant cockroach (1)]
   456 | D:1      | Reached skill level 1 in Fighting
   456 | D:1      | Gained mutation: When hurt, damage is shared between your health and your magic reserves. [demonic ancestry]
   456 | D:1      | Reached XP level 2. HP: 21/21 MP: 2/2
   979 | D:2      | Gained mutation: You are slightly more attuned to the shadows. [demonic ancestry]
   979 | D:2      | Reached XP level 3. HP: 10/27 MP: 3/3
   986 | D:2      | HP: 8/27 [poisoned by an adder]
  1236 | D:2      | Reached skill level 2 in Fighting
  1557 | D:2      | Found a runed door.
  1561 | D:2      | Noticed Crazy Yiuf
  1572 | D:2      | Killed Crazy Yiuf
  1572 | D:2      | Reached skill level 3 in Armour
  1572 | D:2      | Reached XP level 4. HP: 23/34 MP: 2/4
  1989 | D:3      | Noticed xccam's ghost (amateur DrTm)
  2180 | D:3      | Killed xccam's ghost
  2180 | D:3      | Reached skill level 3 in Fighting
  2180 | D:3      | Reached XP level 5. HP: 33/41 MP: 3/5
  2606 | D:4      | Reached skill level 4 in Armour
  2630 | D:4      | Found a glowing drain.
  2819 | Sewer    | Entered a sewer
  2840 | Sewer    | Reached skill level 4 in Fighting
  2959 | Sewer    | Gained mutation: You regenerate magic rapidly. [demonic ancestry]
  2959 | Sewer    | Reached XP level 6. HP: 33/48 MP: 6/6
  3011 | Sewer    | Found a white marble altar of Elyvilon.
  3487 | D:4      | Reached skill level 1 in Long Blades
  3535 | D:4      | Found a basalt altar of Yredelemnul.
  3568 | D:4      | Found a shimmering altar of Xom.
  3644 | D:4      | Found a white marble altar of Elyvilon.
  3731 | D:4      | Reached skill level 3 in Polearms
  3731 | D:4      | Reached XP level 7. HP: 31/55 MP: 5/7
  3998 | D:5      | Entered Level 5 of the Dungeon
  4020 | D:5      | Reached skill level 5 in Armour
  4049 | D:5      | Found a sand-covered staircase.
  4054 | Ossuary  | Entered an ossuary
  4156 | Ossuary  | Reached skill level 4 in Polearms
  4492 | D:5      | Noticed Ijyb
  4496 | D:5      | HP: 9/55 [acid (15)]
  4501 | D:5      | Killed Ijyb
  4501 | D:5      | Reached skill level 5 in Polearms
  4746 | D:5      | Found a blossoming altar of Fedhas.
  4753 | D:5      | Gained mutation: You have sharp toenails. [demonic ancestry]
  4753 | D:5      | Reached XP level 8. HP: 57/61 MP: 8/8
  5626 | D:6      | Reached skill level 6 in Armour
  5669 | D:6      | Reached skill level 6 in Polearms
  6330 | D:7      | HP: 17/61 [orc/trident (2)]
  6336 | D:7      | HP: 14/61 [orc/trident (3)]
  6361 | D:7      | Found a staircase to the Ecumenical Temple.
  6368 | Temple   | Entered the Ecumenical Temple
  6542 | Temple   | Upgraded the game from 0.22-a0-448-g1fb7470 to 0.22-a0-455-ga0624bf
  6542 | Temple   | Became a worshipper of Warmaster Okawaru
  6665 | D:7      | Reached skill level 7 in Polearms
  6873 | D:7      | Reached * piety under Okawaru
  6873 | D:7      | Gained mutation: When low on magic, you restore magic in place of health. [demonic ancestry]
  6873 | D:7      | Reached XP level 9. HP: 56/66 MP: 9/9
  6939 | D:7      | Reached skill level 7 in Armour
  7187 | D:7      | Reached skill level 8 in Polearms
  7639 | D:8      | Noticed Joseph
  7649 | D:8      | Killed Joseph
  7773 | D:8      | Identified Fiup Kuf's Reference Book on Summoning
  7779 | D:8      | Found a burning altar of Makhleb.
  7779 | D:8      | Found a shattered altar of Ashenzari.
  7779 | D:8      | Noticed a two-headed ogre
  7780 | D:8      | Found a snail-covered altar of Cheibriados.
  7780 | D:8      | Found a radiant altar of Vehumet.
  7794 | D:8      | Killed a two-headed ogre
  7794 | D:8      | Reached ** piety under Okawaru
  7794 | D:8      | Reached skill level 9 in Polearms
  7806 | D:8      | Reached skill level 8 in Armour
  7847 | D:8      | Found a shadowy altar of Dithmenos.
  8344 | D:9      | Gained mutation: You have razor-sharp toenails. [demonic ancestry]
  8344 | D:9      | Reached XP level 10. HP: 72/73 MP: 10/10
  8518 | D:9      | Reached *** piety under Okawaru
  8542 | D:9      | Reached skill level 10 in Polearms
  8575 | D:9      | Found a staircase to the Lair.
  8661 | D:9      | HP: 17/73 [ogre/giant club (14)]
  8663 | D:9      | Slain by an ogre

Vault maps used:
D:1:      dpeg_arrival_orchard, glass_columns_b, minmay_close_crescents
D:2:      first_ration, feat_on_display, uniq_crazy_yiuf_cottage
D:3:      minivault_23
D:4:      kennysheep_ying_yang, lemuel_crystal_altar,
          cheibrodos_sewer_entry_sluice, hangedman_decor_peaks_small
D:5:      enter_ossuary_2, fedhas_altar_2, uniq_ijyb
D:7:      temple_green, minmay_hedge_maze
D:8:      chequers_temple_overflow_statue_of_worship, marbit_many_paths,
          uniq_joseph
D:9:      lemuel_ogre_cave, grunt_temple_overflow_cloverleaf
Temple:   jpeg_temple_alley_garden
Sewer:    sewer_kobolds
Ossuary:  ossuary_crypta

Skill      XL: |  1  2  3  4  5  6  7  8  9 10 |
---------------+-------------------------------+-----
Armour         | 2 3 4 5 6 8 |  8.5
Fighting       | 1 2 3 4 |  4.3
Long Blades    | 1 |  1.9
Polearms       | 3 5 7 9 10 | 10.2
Axes           | |  1.0
Dodging        | |  1.0
Stealth        | |  1.8
Evocations     | |  1.0

Action                   |  1- 3 |  4- 6 |  7- 9 | 10-12 || total
-------------------------+-------+-------+-------+-------++-------
Melee: Dagger            |   181 |   219 |       |       ||   400
       Halberd           |       |    32 |   290 |    36 ||   358
       Scimitar          |       |    13 |       |       ||    13
       Kick              |       |       |    24 |       ||    24
 Fire: Hunting sling     |       |       |     7 |       ||     7
Throw: Tomahawk          |     6 |     2 |       |       ||     8
       Throwing net      |       |       |     1 |       ||     1
Invok: Heroism           |       |       |     2 |     1 ||     3
  Use: Scroll            |     5 |     4 |    12 |     1 ||    22
       Potion            |       |     1 |     2 |       ||     3
 Stab: Sleeping          |       |     5 |    14 |       ||    19
  Eat: Chunk             |     2 |     8 |    15 |     1 ||    26
Armor: Chain mail        |   101 |    76 |       |       ||   177
       Robe              |     2 |       |       |       ||     2
       Fire dragon scale |       |   104 |   119 |    11 ||   234
Dodge: Dodged            |    58 |   115 |    92 |     6 ||   271
       Rpst.: Scimitar   |       |     4 |       |       ||     4

Table legend:
 A = Spawn XP
 B = Non-spawn XP
 C = Spawn XP percentage of total XP
 D = Spawn monster count
 E = Non-spawn monster count
 F = Spawn count percentage of total count
 G = Total turns spent on level
                    A         B        C        D         E        F      G
               +---------+---------+-------+---------+---------+-------+---------
         Total |       0 |    6553 |   0.0 |       0 |     198 |   0.0 |  8663
               +---------+---------+-------+---------+---------+-------+---------
           D:1 |       0 |      36 |   0.0 |       0 |      24 |   0.0 |   962
           D:2 |       0 |     100 |   0.0 |       0 |      23 |   0.0 |  1052
           D:3 |       0 |     163 |   0.0 |       0 |      14 |   0.0 |   548
           D:4 |       0 |     345 |   0.0 |       0 |      25 |   0.0 |  1199
           D:5 |       0 |     570 |   0.0 |       0 |      13 |   0.0 |  1043
           D:6 |       0 |     549 |   0.0 |       0 |      14 |   0.0 |   852
           D:7 |       0 |    1263 |   0.0 |       0 |      35 |   0.0 |  1144
           D:8 |       0 |    2039 |   0.0 |       0 |      16 |   0.0 |   698
           D:9 |       0 |    1168 |   0.0 |       0 |      12 |   0.0 |   327
         Sewer |       0 |     113 |   0.0 |       0 |       9 |   0.0 |   237
       Ossuary |       0 |     207 |   0.0 |       0 |      13 |   0.0 |   389
               +---------+---------+-------+---------+---------+-------+---------

Table legend:
 A = Turns spent in this place as a percentage of turns spent in the entire game.
 B = Non-inter-level travel turns spent in this place as a percentage of non-inter-level travel turns spent in the entire game.
 C = Inter-level travel turns spent in this place as a percentage of turns spent in this place.
 D = Turns resting spent in this place as a percentage of non-inter-level travel turns spent in this place.
 E = Turns spent auto-exploring this place as a percentage of non-inter-level travel turns spent in this place.
 F = Non-inter-level travel turns spent in this place divided by the number of levels of this place that you've seen.
                   A       B       C       D       E      F
               +-------+-------+-------+-------+-------+----------------------
         Total | 100.0 | 100.0 |   3.0 |  16.8 |  49.3 | 700.4
       Dungeon |  90.3 |  90.5 |   2.8 |  15.8 |  52.4 | 844.8
        Temple |   2.4 |   2.1 |  17.0 |  26.1 |  59.7 | 176.0
         Sewer |   2.7 |   2.8 |   0.0 |   0.0 |  13.1 | 237.0
       Ossuary |   4.5 |   4.6 |   0.0 |  42.9 |   6.9 | 389.0
               +-------+-------+-------+-------+-------+----------------------

Vault maps used:
D:1:      dpeg_arrival_orchard, glass_columns_b, minmay_close_crescents
D:2:      first_ration, feat_on_display, uniq_crazy_yiuf_cottage
D:3:      minivault_23
D:4:      kennysheep_ying_yang, lemuel_crystal_altar,
          cheibrodos_sewer_entry_sluice, hangedman_decor_peaks_small
D:5:      enter_ossuary_2, fedhas_altar_2, uniq_ijyb
D:7:      temple_green, minmay_hedge_maze
D:8:      chequers_temple_overflow_statue_of_worship, marbit_many_paths,
          uniq_joseph
D:9:      lemuel_ogre_cave, grunt_temple_overflow_cloverleaf
Temple:   jpeg_temple_alley_garden
Sewer:    sewer_kobolds
Ossuary:  ossuary_crypta
